Map: 엔디온 잔해

Players

llllllllllll (Scarlett) - Winner!

  • Race: Zerg Zerg
  • League: Grandmaster

Lucifer

  • Race: Protoss Protoss
  • League: Grandmaster

VOD

Have the link to the VOD?

Description

Time

  • Played on: April 14, 2016, 6:10 a.m.
  • Length: 3:02
Show
View Real Time Build Order
Export as new Build Order

llllllllllll Zerg - Winner!

Build Orders: Pool Only 

Get SALT Encoding   

  12  0:00  Drone  
  13  0:09  Extractor  
  12  0:24  Spawning Pool  
  11  0:29  Drone  
  11  0:34  Drone  
  13  0:41  Drone  
  14  0:51  Overlord  
  14  1:12  Zergling x4  
  14  1:13  Zergling x2  
  14  1:15  Metabolic Boost  
  17  1:24  Zergling x2  
  18  1:31  Queen  
  20  1:36  Zergling x2  
  21  1:47  Evolution Chamber  
  21  1:51  Zergling x2  
  21  2:02  Zergling x2  
  22  2:19  Overlord  
  21  2:31  Zergling x2  
  22  2:39  Zergling x4  
Show
View Real Time Build Order
Export as new Build Order

Lucifer Protoss 

Build Orders: Nexus First 

Get SALT Encoding   

  12  0:01  Probe (Chrono Boost)  
  13  0:11  Probe (Chrono Boost)  
  14  0:17  Pylon  
  14  0:22  Probe (Chrono Boost)  
  15  0:36  Probe (Chrono Boost)  
  16  0:46  Probe (Chrono Boost)  
  17  0:58  Nexus  
  17  1:08  Gateway  
  17  1:11  Probe (Chrono Boost)  
  18  1:16  Assimilator  
  18  1:21  Probe (Chrono Boost)  
  18  1:24  Assimilator  
  19  1:32  Probe (Chrono Boost)  
  20  1:34  Pylon  
  20  1:42  Probe (Chrono Boost)  
  21  1:53  Probe (Chrono Boost)  
  22  1:56  Cybernetics Core  
  24  2:04  Probe  
  25  2:09  Probe  
  26  2:17  Probe  
  26  2:33  Mothership Core (Chrono Boost)  
  26  2:35  Probe (Chrono Boost), Pylon  
  23  2:46  Probe (Chrono Boost)  
Tags
 
Add a new tag
Caveats
  • Supply blocks, unpowered buildings, or Contaminate may cause inaccurate times.
  • Supply counts are checked every 10 seconds.